 Dungeon Crawl Stone Soup version 0.24.0-1-gfbc8707 (webtiles) character file.

Game seed: 16192641893674021831, levelgen mode: deterministic

95 Exaltedone87 the Shield-Bearer (level 4, -12/42 HPs)
             Began as a Deep Dwarf Fighter on Oct 27, 2019.
             Mangled by an ogre
             ... wielding a +0 giant club
              (23 damage)
             ... on level 4 of the Dungeon.
             The game lasted 00:06:13 (1968 turns).

Exaltedone87 the Shield-Bearer (Deep Dwarf Fighter) Turns: 1968, Time: 00:06:13

Health: -12/42     AC:  9    Str: 25    XL:     4   Next: 39%
Magic:  4/4        EV:  8    Int:  9    God:
Gold:   196        SH: 11    Dex: 12    Spells: 3/3 levels left

rFire    . . .     SeeInvis .   a - +0 war axe
rCold    . . .     Gourm    .   c - +1 shield
rNeg     . . .     Faith    .   b - +0 scale mail
rPois    .         Spirit   .   (no helmet)
rElec    .         Reflect  .   s - +0 cloak
rCorr    .         Harm     .   j - +0 pair of gloves
MR       .....                  (no boots)
Stlth    ..........             (no amulet)
HPRegen  0.00/turn              (no ring)
MPRegen  0.09/turn              (no ring)

@: mighty, non-regenerating
A: damage resistance, heal wounds, sense surroundings 1, no regeneration
a: Heal Wounds


You were on level 4 of the Dungeon.
You were not hungry.

You visited 1 branch of the dungeon, and saw 4 of its levels.

You collected 196 gold pieces.

Inventory:

Hand Weapons
 a - a +0 war axe (weapon)
Armour
 b - a +0 scale mail (worn)
 c - a +1 shield (worn)
 j - a +0 pair of gloves (worn)
 r - a +0 helmet
 s - a +0 cloak (worn)
 t - a +0 plate armour
Scrolls
 h - 2 scrolls of remove curse
 i - a scroll of magic mapping
 k - a scroll of identify
 p - 3 scrolls of blinking
 q - a scroll of teleportation {unknown}
Potions
 e - a potion of heal wounds
 g - a potion of ambrosia {unknown}
 l - a potion of flight
 m - a potion of resistance {unknown}
 n - a potion of curing {unknown}
 o - 2 potions of brilliance {unknown}
Comestibles
 f - 7 rations


   Skills:
 + Level 3.2 Fighting
 * Level 3.4 Axes
 + Level 3.7 Armour
 + Level 1.5 Dodging
 + Level 3.7 Shields


You had 3 spell levels left.
You didn't know any spells.
Your spell library was empty.

Dungeon Overview and Level Annotations

Branches:
Dungeon (4/15)
 Temple: D:4-7

Altars:
Hepliaklqana
Uskayaw


Innate Abilities, Weirdness & Mutations

You are resistant to damage.
You can heal yourself by infusing magical energy.
You passively map a small area around you.
You do not regenerate.


Message History

Found a fizzy pink potion.
You see here a helmet.
r - a helmet An ogre comes into view. It is wielding a +0 giant club.
The ogre shouts!
You see here a plate armour.
t - a plate armour
Found 14 stones.
You aren't carrying any items that you can evoke.
You feel very mighty all of a sudden.
The ogre hits you with a +0 giant club!!
* * * LOW HITPOINT WARNING * * *
You slice the ogre!!
The ogre is almost dead.
The ogre barely misses you.
You closely miss the ogre.
The ogre is almost dead.
The ogre hits you with a +0 giant club!!
Ouch! That really hurt!
You die...

..# ##..#..... #.## ###
##.....!..# #..## ######.#
#.....#..## .#..##
####......###......## .....##
###..........#........##
......###.......................#
....#..#.........................
....#.......................###..
....##..........@O....####### *##
..###..###............# * , ,
####..## ##...........#* ,, ..##
####.........# ..#* ####...#....
, .##* ######...( , ..### , .## *


You could see an ogre.

Vanquished Creatures
  2 adders (D:2)
  4 worms
  2 dart slugs
  A leopard gecko (D:2)
  7 orcs (D:3)
  3 giant cockroaches
  2 goblins (D:1)
  7 hobgoblins
  A quokka (D:3)
  11 bats
  4 frilled lizards
  8 kobolds
  3 rats
55 creatures vanquished.

Notes
Turn   | Place    | Note
-------+----------+-------------------------------------------
     0 | D:1      | Exaltedone87 the Deep Dwarf Fighter began the quest for the
                  | Orb.
     0 | D:1      | Reached XP level 1. HP: 20/20 MP: 1/1
   282 | D:1      | Reached XP level 2. HP: 24/27 MP: 2/2
   695 | D:2      | Found a faded altar of an unknown god.
   837 | D:2      | Reached skill level 1 in Dodging
   837 | D:2      | Reached XP level 3. HP: 29/34 MP: 3/3
  1365 | D:3      | Found a hazy altar of Hepliaklqana.
  1467 | D:3      | Reached XP level 4. HP: 36/42 MP: 4/4
  1638 | D:3      | Found a hide-covered altar of Uskayaw.
  1949 | D:4      | Noticed an ogre
  1968 | D:4      | Mangled by an ogre

Levels and vault maps discovered:
D:1:      erik_arrival_triangle_large, layout_loops_cross
D:2:      layout_loops_ring, chequers_ecumenical_altar_simple_redux
D:3:      layout_basic, old_standard_altar, nicolae_overflow_hidden_temple,
          minivault_14
D:4:      layout_cave_pods, minitemple, first_ration

Skill      XL: |  1  2  3 |
---------------+----------+-----
Fighting       | 3 |  3.2
Dodging        | 1 |  1.5
Axes           | 3 |  3.4
Armour         | |  3.7
Shields        | |  3.7

Action                   |  1- 3 |  4- 6 || total
-------------------------+-------+-------++-------
Melee: War axe           |   123 |    34 ||   157
  Use: Scroll            |     9 |       ||     9
       Potion            |       |     1 ||     1
  Eat: Chunk             |     2 |     2 ||     4
Armor: Scale mail        |    46 |     5 ||    51
Dodge: Dodged            |    48 |    10 ||    58
Block: Shield            |    72 |    16 ||    88
